Cogmind - Beta 13 @@@ ROGUE MODE // 2024.04.03 @ 16:56:24 Player: TheSecutor Result: Core destroyed Performance ------------- Evolutions (0) 0 Regions Visited (1) 200 Robots Destroyed (5) 25 Value Destroyed (104) 104 Prototype IDs (0) 0 Alien Tech Used (0) 0 Bonus (0) 0 TOTAL SCORE: 329 Bonus ------- None Cogmind --------- Core Integrity 0/250 Matter 154/300 Energy 86/100 System Corruption 0% Temperature Critical (941) Movement Core (450) Ox8 Location -10/Materials Parts ------- > --- POWER (1) -------- (None) > --- PROPULSION (2) --- (None) > --- UTILITY (2) ------ Large Storage Unit Structural Scanner > --- WEAPON (2) ------- Beam Cannon Beam Cannon > --- INVENTORY (15) --- Ion Engine Aluminum Leg Compact Wheel Compact Wheel Signal Interpreter Beam Cannon Beam Cannon Peak State ------------ > --- POWER ------------ Ion Engine > --- PROPULSION ------- Aluminum Leg Aluminum Leg > --- UTILITY ---------- Large Storage Unit Structural Scanner > --- WEAPON ----------- Beam Cannon Beam Cannon > --- INVENTORY -------- Ion Engine Compact Wheel Compact Wheel Beam Cannon Beam Cannon Beam Cannon [Rating: 7] Favorites ----------- Power Ion Engine Engine Ion Engine Propulsion Aluminum Leg Leg Aluminum Leg Utility Large Storage Unit Device Structural Scanner Storage Large Storage Unit Weapon Beam Cannon Energy Cannon Beam Cannon Ballistic Gun Assault Rifle Build | -11 -10 ------- Run | Yrd Mat Slots Evolved . | . . Power . | . . Propulsion . | . . Utility . | . . Weapon . | . . Parts Attached 11 | 5 6 Power 1 | . 1 Engine 1 | . 1 Core . | . . Reactor . | . . Propulsion 2 | 2 . Treads . | . . Leg 2 | 2 . Wheel . | . . Hover . | . . Flight . | . . Utility 3 | 1 2 Device 1 | . 1 Storage 2 | 1 1 Processor . | . . Hackware . | . . Protection . | . . Artifact . | . . Weapon 5 | 2 3 Energy Gun . | . . Energy Cannon 3 | . 3 Ballistic Gun 2 | 2 . Ballistic Cannon . | . . Launcher . | . . Special Weapon . | . . Impact Weapon . | . . Slashing Weapon . | . . Piercing Weapon . | . . Special Melee Weapon . | . . Unidentified Prototypes . | . . Parts Lost 3 | . 3 Power 1 | . 1 Propulsion 2 | . 2 Utility . | . . Weapon . | . . Highest Loss Streak 3 | . 3 To Critical Strikes . | . . Average Slot Usage (%) 92 | . 92 Engine 11 | . 11 Leg 26 | . 26 Device 10 | . 10 Storage 14 | . 14 Energy Cannon 23 | . 23 Ballistic Gun 4 | . 4 Naked Turns . | . . Heaviest Build 32 | 8 32 Greatest Support 20 | 20 20 Greatest Overweight (x) 1 | . 1 Average Overweight (x) . | . . Largest Inventory Capacity 15 | 8 15 Average Capacity 12 | 6 13 Most Carried 8 | 5 8 Average Carried 6 | 4 7 Final Capacity 15 | 8 15 Final Carried 7 | 5 7 Class Distribution -------------------- 100% | Mutant Dominant Class ---------------- Mutant | -10/Materials Resources | -11 -10 ----------- Run | Yrd Mat Matter Collected 315 | 244 71 Remotely . | . . Salvage Created 126 | . 126 Parts 17 | . 17 Haulers Intercepted . | . . Recyclers Shooed . | . . Parts Field Recycled . | . . Retrieved Matter . | . . Parts Self-Destructed . | . . Prevented . | . . Kills | -11 -10 ------- Run | Yrd Mat Combat Hostiles Destroyed 4 | . 4 Guns 2 | . 2 Cannons 2 | . 2 Classes Destroyed 3 | . 3 Watcher 1 | . 1 Swarmer 2 | . 2 Grunt 2 | . 2 Best Kill Streak 2 | . 2 Combat Bots Only 2 | . 2 Max Kills in Single Turn 1 | . 1 Gunslinging . | . . Exploded . | . . Melee . | . . Uniques/NPCs Destroyed . | . . Combat | -11 -10 -------- Run | Yrd Mat Hostile Shots Fired 51 | . 51 Missed 9 | . 9 Damage Taken 630 | . 630 Core 259 | . 259 Absorbed by Shields . | . . Core Remaining (%) 100 | 100 . Volleys Fired 44 | . 44 Largest 2 | . 2 Hottest 120 | . 120 Shots Fired 77 | . 77 Gun 18 | . 18 Cannon 59 | . 59 Launcher . | . . Special . | . . Kinetic 18 | . 18 Thermal 59 | . 59 Explosive . | . . Electromagnetic . | . . Robot Hit Streak 5 | . 5 Robot Miss Streak 7 | . 7 Penetration Max . | . . Secondary Targets . | . . Shots Hit Robots 25 | . 25 Core Hits 8 | . 8 Critical Kills . | . . Critical Parts Destroyed . | . . Critical Strikes . | . . Melee Attacks . | . . Impact . | . . Slashing . | . . Piercing . | . . Sneak Attacks . | . . Combat Hostiles . | . . Follow-up Attacks . | . . Damage Inflicted 408 | . 408 Guns 74 | . 74 Cannons 332 | . 332 Explosions . | . . Melee . | . . Ramming 2 | . 2 Kinetic 74 | . 74 Thermal 332 | . 332 Explosive . | . . Electromagnetic . | . . Impact . | . . Slashing . | . . Piercing . | . . Highest Corruption . | . . Average Corruption . | . . Corruption Purged . | . . Corruption Blocked . | . . Overload Shots . | . . Overflow Damage 8 | . 8 Projectiles 8 | . 8 Explosions . | . . Melee . | . . Knockbacks . | . . Impact . | . . Kinetic . | . . Secondary . | . . Self-Inflicted Damage . | . . Shots . | . . Rammed . | . . Targets Rammed 2 | . 2 Kicked 2 | . 2 Crushed . | . . Highest Temperature 941 | . 941 Average Temperature 297 | . 297 Received Heat Transfer 252 | . 252 Effects 30 | . 30 Shutdowns 5 | . 5 Energy Bleed 4 | . 4 Interference 6 | . 6 Matter Decay 3 | . 3 Short Circuit 2 | . 2 Damage (minor) 3 | . 3 Damage (major) 4 | . 4 Damage (core) 3 | . 3 Siege Activations . | . . Robots Corrupted . | . . Combat Hostiles . | . . Parts Fried . | . . Impact Corruptions . | . . Robots Melted . | . . Combat Hostiles . | . . Parts Melted . | . . Heat Transferred 703 | . 703 Parts Sabotaged . | . . Parts Stolen . | . . Parts Stripped . | . . Power Chain Reactions . | . . Alert | -11 -10 ------- Run | Yrd Mat Peak Influence 159 | . 159 Initial . | . . Average 96 | . 109 Maximum Alert Level . | . . Low Security (%) 100 | 100 100 Level 1 . | . . Level 2 . | . . Level 3 . | . . Level 4 . | . . Level 5 . | . . High Security . | . . Max Security . | . . Squads Dispatched 1 | . 1 Investigation . | . . Extermination . | . . Reinforcement 1 | . 1 Assault . | . . Garrison . | . . Intercept . | . . Searches Triggered . | . . Construction Impeded . | . . Haulers Reinforced . | . . Active Scanning Responses . | . . Cargo Convoy Interrupts . | . . Stealth | -11 -10 --------- Run | Yrd Mat Distress Signals 2 | . 2 Communications Jammed . | . . Distress Signals . | . . Times Spotted 13 | . 13 Peak Tracking Total 4 | . 4 Tactical Retreats . | . . Traps | -11 -10 ------- Run | Yrd Mat Traps Triggered . | . . Indirectly . | . . Trap Hack Attempts . | . . Triggered . | . . Disarmed . | . . Reprogrammed . | . . Reused . | . . Traps Extracted . | . . Installed . | . . Triggered . | . . Machines | -11 -10 ---------- Run | Yrd Mat Machines Disabled . | . . Max in Single Turn . | . . Machines Repaired . | . . Machines Dismantled . | . . Machines Sabotaged . | . . Overloaded Fab Kills . | . . Hacking | -11 -10 --------- Run | Yrd Mat Machines Accessed 1 | . 1 Terminals 1 | . 1 Fabricators . | . . Repair Stations . | . . Recycling Units . | . . Scanalyzers . | . . Garrison Access . | . . Total Hacks 2 | . 2 Successful 2 | . 2 Failed . | . . Catastrophic . | . . Database Lockouts . | . . Manual . | . . Terminals 2 | . 2 Fabricators . | . . Repair Stations . | . . Recycling Units . | . . Scanalyzers . | . . Garrison Access . | . . Terminal Hacks 2 | . 2 Record 2 | . 2 Fabricator Hacks . | . . Repair Station Hacks . | . . Recycling Unit Hacks . | . . Scanalyzer . | . . Garrison Access Hacks . | . . Unauthorized Hacks . | . . Terminals . | . . Fabricators . | . . Repair Stations . | . . Recycling Units . | . . Scanalyzers . | . . Garrison Access . | . . Data Cores Recovered . | . . Used . | . . Hacking Detections 1 | . 1 Full Trace Events . | . . Feedback Events . | . . Feedback Blocked . | . . Robot Schematics Acquired . | . . Robots Built . | . . Authchips . | . . Time . | . . Total Robot Build Rating . | . . Part Schematics Acquired . | . . Parts Built . | . . Authchips . | . . Time . | . . Total Part Build Rating . | . . Parts Repaired . | . . Time . | . . Parts Recycled . | . . Recycled Matter . | . . Retrieved Matter . | . . Retrieved Components . | . . Parts Scanalyzed . | . . Part Schematics Acquired . | . . Parts Damaged . | . . Bothacking | -11 -10 ------------ Run | Yrd Mat Used RIF Installer . | . . Robots Hacked . | . . Non-combat . | . . Combat . | . . Robot Hacks Applied . | . . Relay Couplers Released . | . . Fabnet Peak Effective % . | . . Robots Rewired . | . . Allies Hacked . | . . Hacks Repelled . | . . Allies | -11 -10 -------- Run | Yrd Mat Total Allies . | . . Largest Group . | . . Highest-Rated Group . | . . Highest-Rated Ally . | . . Total Orders . | . . Ally Attacks . | . . Total Damage . | . . Kills . | . . Allies Corrupted . | . . Allies Melted . | . . Intel | -11 -10 ------- Run | Yrd Mat Robot Analysis Total . | . . Derelict Logs Recovered . | . . Drone Launches . | . . Drone Recoveries . | . . Exploration | -11 -10 ------------- Run | Yrd Mat Turns Passed 444 | 55 389 Spaces Moved 187 | 44 143 Core 15 | 15 . Treads . | . . Legs 172 | 29 143 Wheels . | . . Hover . | . . Flight . | . . Fastest Speed 50 | 50 120 Average Speed 155 | 96 173 Slowest Speed 190 | 120 190 Overloaded Moves . | . . Propulsion Burnouts . | . . Robots Hopped . | . . Cave-ins Triggered . | . . Exploration Rate (%) 17 | 3 31 Regions Visited 1 Branch Regions . Pre-discovered Areas . | . . Known Exits Taken . | . . Unknown Exits Taken 1 | 1 . Scrap Searched . | . . Spaces Dug . | . . Terrain Destroyed . | . . Melee . | . . Projectile . | . . AOE . | . . Terrain Rammed . | . . Walls Destroyed . | . . Machines Disabled . | . . Actions | -11 -10 --------- Run | Yrd Mat Total 265 | 54 211 Wait 2 | . 2 Move 186 | 43 143 Hop . | . . Pick Up 15 | 6 9 Fast Attach 4 | 4 . Attach 6 | 1 5 Detach . | . . Swap 1 | . 1 Drop 5 | . 5 Fire 44 | . 44 Melee . | . . Ram . | . . Kick 2 | . 2 Crush . | . . Escape Stasis . | . . Rewire . | . . Trap . | . . Miscellaneous . | . . Route ------- -11/Scrapyard -10/Materials (discovered 2 exits: [*Mat] / [Sub]) History --------- Turn | Location | Event 17 | -11/Scrapyard | Discovered new exit (range 14) 56 | -11/Scrapyard | Entered Materials 313 | -10/Materials | Build established: Mutant 364 | -10/Materials | Discovered new exit (range 8) 410 | -10/Materials | Discovered new exit (range 8) 429 | -10/Materials | Core integrity fell below 50% 441 | -10/Materials | Core integrity fell below 20% 446 | -10/Materials | Core destroyed Last Messages --------------- Overheating: Energy bleed (-25). Overheating: System interference. Structural Scanner temporarily disabled. G-47 Trooper heat damages Aluminum Leg. Broken Aluminum Leg destroyed. G-34 Mercenary destroyed. Power failure, Ion Engine shutdown. Overheating: Ion Engine damaged (-8). Overheating: Ion Engine damaged (-3). Overheating: Energy bleed (-31). G-47 Trooper heat damages Aluminum Leg, Lgt. Nuclear Core. Power failure, Ion Engine shutdown. Overheating: Ion Engine damaged (-4). Overheating: Beam Cannon damaged (-42). Overheating: Beam Cannon damaged (-35). G-47 Trooper heat damages Particle Gun. Ion Engine destroyed. K-01 Serf collects debris. Overheating: Core damaged (-50). Map ----- +----------------------------------------------------+ | | | | | | | | | | | | | | | | | | | | | | | | | #########???????????????????????????????????????? | | ##########?########?????????????????????????????? | | ## ##?########?????????????????????????????? | | ## """ ##? ##?????????????????????????????? | | ## """ ### ! ##?######??????????????????????? | | ## """ ### #########??????????????????????? | | ## + + ##? ??????????????????????? | | ???? # # "Y" ##?< ????????????????????????? | | ????##+## # """ ## ?????????????????????? | | ????## ############/####?????????????????????? | | ###### ##+########### gk!##?????????????????????? | | ###### # ##??## =* ##?????????????????????? | | ##== # " " ##??## ##?????????????????????? | | ##== # "T" ##??## @##?????????????????????? | | ##|| # """ ##??<# ##?????????????????????? | | ##|| # ###### ##?????????????????????? | | ##!! ###+########## ##?????????????????????? | | ##!! ## #### ### ##?????????????????????? | | ###### ### ##?????????????????????? | | ######### ] #### ######k###?????????????????????? | | ########## ############ ###?????????????????????? | | ########## ############ ##??????????????????????? | | ## # # ### ####????????????????????? | | ##! "T" / / ### ##### ##???????????? | | ##! #%# # #######+## ???????????? | | ##########=# """ # ????????? | | #### # """"" / ????????? | | #### ##### # """"" # T????????? | | ####+##### # """"" # #######+## ?????????? | | # # # """ ######## ##???????????? | | # # # ########????????????????????? | | # # ###########??????????????????????????? | | # # ##??????????????????????????? | | # + #####???????????????????????? | | # # !# ###??????????????????????? | | # # ##??????????????????????? | | # #= ! = # ##??????????????????????? | | # #!!! # ? ##??????????????????????? | +----------------------------------------------------+ Best States ------------- Heat Dissipation 25 Energy Generation 10 Energy Capacity 250 Matter Stores 300 Matter Capacity 300 Sight Range 16 Terrain Scan Density 10 Evasion (%) 55 Item Schematics ----------------- None Robot Schematics ------------------ None Fabricated ------------ Nothing Alien Tech Used ----------------- None Achievements -------------- None Challenges ------------ None Game ------ Seed TimingCoolingShield Manual? 0 Play Time 00:09:09 Cumulative 2.8 hours Start 2024.04.03 @ 16:51:26 End 2024.04.03 @ 16:56:24 Sessions 1 Manual Loads 0 Difficulty Rogue Special Mode None Game No. 9 Rogue 9 Adventurer 0 Explorer 0 Win Type - Total 0 Types 0/0/0/0/0/0/0/0/0 Lore% 1 Gallery% 9 Achievement% 8 Wizard Run 0 Options --------- Layout 1 ASCII 0 Keyboard 0 Movement Mouse Keybinds 0 Fullscreen 1 Font 24/Smallcaps Map View 50x35 Zoom Use 0% Tactical HUD 0 Map Filters NONE Filters NONE Steam 1 RUN: a0e6b35a-84b8-44a1-b052-4ea1f6049dd8